 Dungeon Sprint DCSS version 0.27.0-1-g7a089689b8 (webtiles) character file.

Game seed: 17862088685247975036

200 JuniperTheExplorer the Destroyer (level 5, 0/35 HPs)
             Began as a Demonspawn Conjurer on Aug 14, 2021.
             Slain by a two-headed ogre (5 damage)
             ... in the Dungeon (Sprint V: "Ziggurat Sprint").
             The game lasted 00:16:38 (279 turns).

JuniperTheExplorer the Destroyer (DsCj)              Turns: 279, Time: 00:16:43

Health: 0/35       AC: 16    Str: 14    XL:     5   Next: 49%
Magic:  9/9        EV:  6    Int: 20    God:
Gold:   0          SH:  7    Dex: 11    Spells: 9/10 levels left

rFire    . . .     SeeInvis .   v - +5 demon trident
rCold    . . .     Faith    .   t - +3 buckler
rNeg     . . .     Spirit   .   A - +5 shadow dragon scales
rPois    .         Reflect  .   (helmet restricted)
rElec    .         Harm     .   (no cloak)
rCorr    .         Rampage  .   (no gloves)
Will     .....     NoTele   +   (no boots)
Stlth    +++.......             (no amulet)
HPRegen  0.11/turn              s - +6 ring of strength
MPRegen  0.11/turn              (no ring)

@: no status effects
A: horns 2, spiny 1
a: no special abilities


You were in the Dungeon.
You visited 1 branch

Inventory:

Hand Weapons
 v - a +5 demon trident (weapon)
Armour
 t - a +3 buckler (worn)
 A - +5 shadow dragon scales (worn)
Jewellery
 s - a +6 ring of strength (left hand)
Wands
 p - a wand of mindburst (7)
 q - a wand of iceblast (4)
 r - a wand of acid (6)
Scrolls
 g - 2 scrolls of blinking
 j - a scroll of brand weapon
 l - 4 scrolls of amnesia
 m - 7 scrolls of fog
 n - 5 scrolls of identify
 o - 2 scrolls of fear
Potions
 a - 2 potions of brilliance
 b - 10 potions of curing
 c - 9 potions of heal wounds
 d - 6 potions of haste
 e - 7 potions of magic
 f - 3 potions of berserk rage
 h - 2 potions of invisibility
 i - 4 potions of resistance
 k - 5 potions of might
Miscellaneous
 x - a lightning rod (4/4)


   Skills:
 + Level 4.8 Polearms
 + Level 3.7 Armour
 + Level 2.9 Dodging
 + Level 3.0 Stealth
 + Level 3.1 Shields
 + Level 3.2 Spellcasting
 + Level 8.7 Conjurations
 + Level 1.6 Evocations


You had 9 spell levels left.
You knew the following spells:

 Your Spells              Type           Power      Damage    Failure   Level
a - Magic Dart            Conj           100%       1d8       10%         1

Your spell library contained the following spells:

 Spells                   Type           Power      Damage    Failure   Level
 Searing Ray              Conj           76%        3d6       14%         2
 Dazzling Flash           Conj/Hex       40%        N/A       87%         3
 Fulminant Prism          Conj/Hex       10%        3d9       99%         4
 Iskenderun's Mystic Bla  Conj/Tloc      20%        2d6       99%         4


Dungeon Overview and Level Annotations

Branches:
Dungeon (1/1)

Altars:
Ashenzari
Cheibriados
Dithmenos
Elyvilon
Fedhas
Gozag
Hepliaklqana
Kikubaaqudgha
Makhleb
Nemelex Xobeh
Okawaru
Qazlal
Ru
Sif Muna
Trog
Uskayaw
Vehumet
Wu Jian
Xom
Yredelemnul
Zin
The Shining One
Beogh
Jiyva
Lugonu

Annotations:
D 1 transporter


Innate Abilities, Weirdness & Mutations

You have a pair of horns on your head.
You are partially covered in sharp spines.


Message History

The thunderbolt hits the troll!
The troll is moderately wounded.
The thunderbolt hits the ogre!
The ogre is moderately wounded.
Aiming: Corrosive Bolt
Press: ? - help, Shift-Dir - straight line, f - two-headed ogre, p - ogre
Aim: a two-headed ogre, wielding a +0 giant spiked club and a +0 giant club (86% to hit)
The bolt of acid hits the ogre!
The ogre is splashed with acid.
The acid corrodes the ogre!
The ogre is almost dead.
The bolt of acid hits the troll!
The troll is splashed with acid.
The acid corrodes the troll!
The troll is heavily wounded.
The bolt of acid hits the two-headed ogre!
The two-headed ogre is splashed with acid.
The acid corrodes the two-headed ogre!
The two-headed ogre is moderately wounded.
You puncture the ogre!
You kill the ogre!
Your lightning rod (4/4) has regained one charge.
Your Stealth skill increases to level 3!
Your Spellcasting skill increases to level 3!
Your Conjurations skill increases to level 8!
You have reached level 5!
Your demonic ancestry asserts itself...
Sharp spines emerge from parts of your body.
You barely miss the troll.
The troll is heavily wounded.
The troll bites you but does no damage.
The troll claws you but does no damage. x2
The troll bites you but does no damage. The troll barely misses you. x2
The troll is struck by your spines. The troll bites you.
The troll claws you but does no damage. You block the troll's attack.
You puncture the two-headed ogre! You headbutt the two-headed ogre.
The two-headed ogre is severely wounded.
You block the troll's attack. The troll claws you! x2
The two-headed ogre is struck by your spines.
The two-headed ogre hits you with a +0 giant spiked club!
* * * LOW HITPOINT WARNING * * *
The two-headed ogre hits you with a +0 giant club.
You die...

▓..©..▓..©..▓▓▓▓▓▓▓
▓▓▓▓▓▓▓▓▓▓▓▓▓▓
▓..8©8...▓
▓..)}[...▓
▓...=....▓
▓........▓
▓........▓
▓.▓TT..▓.▓
▓..@O....▓
▓▓▓▓▓▓▓▓▓▓


You could see a two-headed ogre (corroded) and 2 trolls.

Vanquished Creatures
  An ogre (D)
  2 orc priests (D)
  2 orc wizards (D)
5 creatures vanquished.

Notes
Turn   | Place    | Note
-------+----------+-------------------------------------------
     0 | D        | JuniperTheExplorer the Demonspawn Conjurer began the quest
                  | for the Orb.
     0 | D        | Reached XP level 1. HP: 13/13 MP: 3/3
     9 | D        | Found a blossoming altar of Fedhas.
    10 | D        | Found the +6 Majin-Bo {vamp, MP+6 Int+6}
    10 | D        | Found the +9 heavy crossbow "Sniper" {vorpal, Acc+∞ SInv}
    10 | D        | Found the +10 dark maul {vorpal}
    10 | D        | Found the +15 Maxwell's patent armour {-Cast -Tele rElec
                  | Will+ rCorr}
    10 | D        | Found the +18 shield of the Gong {rElec rN+ Will+ EV-5}
    10 | D        | Found the +14 obsidian axe {vorpal, Drain Fly SInv}
    10 | D        | Found the +7 great mace "Firestarter" {inner flame, rF++}
    10 | D        | Found the +6 shillelagh "Devastator" {shatter}
    10 | D        | Found the +11 plutonium sword {Contam Stlth-}
    10 | D        | Found the +8 lance "Wyrmbane" {slay drac, rPois rF+ rC+
                  | AC+3}
    10 | D        | Found the +9 sword of Zonguldrok {reap}
    10 | D        | Found the +13 scythe of Curses {drain, Drain}
    10 | D        | Found the +5 sword of Power {vorpal}
    10 | D        | Found the +7 mace of Variability {chain chaos}
    10 | D        | Found the +7 Singing Sword {vorpal, sonic wave}
    10 | D        | Found the +8 storm bow {elec, penet}
    11 | D        | Found a shimmering blue altar of Sif Muna.
    11 | D        | Found a sacrificial altar of Ru.
    11 | D        | Found a bloodstained altar of Trog.
    11 | D        | Found a stormy altar of Qazlal.
    11 | D        | Found an iron altar of Okawaru.
    11 | D        | Found a sparkling altar of Nemelex Xobeh.
    13 | D        | Found a transporter.
    13 | D        | Found an ancient bone altar of Kikubaaqudgha.
    13 | D        | Found a viscous altar of Jiyva.
    13 | D        | Found a corrupted altar of Lugonu.
    13 | D        | Found a hazy altar of Hepliaklqana.
    13 | D        | Found a burning altar of Makhleb.
    13 | D        | Found an opulent altar of Gozag.
   134 | D        | Gained mutation: You have a pair of small horns on your
                  | head. [demonic ancestry]
   134 | D        | Reached XP level 2. HP: 19/19 MP: 5/5
   142 | D        | Entered arena 2.
   142 | D        | Noticed a two-headed ogre
   142 | D        | Noticed a cyclops
   142 | D        | Found a transporter.
   144 | D        | Entered arena 3.
   144 | D        | Found a transporter.
   152 | D        | Entered arena 4.
   152 | D        | Found a transporter.
   156 | D        | Reached skill level 6 in Conjurations
   156 | D        | Gained mutation: You have a pair of horns on your head.
                  | [demonic ancestry]
   156 | D        | Reached XP level 3. HP: 19/24 MP: 4/6
   158 | D        | Reached XP level 4. HP: 22/30 MP: 4/8
   161 | D        | Reached skill level 7 in Conjurations
   161 | D        | Reached skill level 1 in Evocations
   273 | D        | Entered arena 5.
   273 | D        | Noticed a troll
   273 | D        | Noticed a two-headed ogre
   273 | D        | Noticed a troll
   273 | D        | Noticed an ogre
   273 | D        | Found a transporter.
   274 | D        | Found the +0 mask of the Dragon {Will+ Slay+3 SInv}
   276 | D        | Killed an ogre
   277 | D        | Reached skill level 8 in Conjurations
   277 | D        | Gained mutation: You are partially covered in sharp spines.
                  | [demonic ancestry]
   277 | D        | Reached XP level 5. HP: 35/35 MP: 9/9
   279 | D        | Slain by a two-headed ogre

Illustrated notes

Levels and vault maps discovered:
D:        sprint_v [room_start, room_1, room_2, room_3, room_4, room_5, room_6,
          room_7, room_8, room_9, room_10, room_11, room_12, room_13, room_14,
          room_15, room_16, room_17, room_18, room_19, room_20, room_21,
          room_22, room_23, room_24, room_25, room_26, room_27]

Skill      XL: |  1  2  3  4 |
---------------+-------------+-----
Polearms       | 4 |  4.8
Armour         | 3 |  3.7
Shields        | 3 |  3.1
Dodging        | 2 |  2.9
Stealth        | 2 3 |  3.0
Conjurations   | 6 8 |  8.7
Evocations     | 1 |  1.6
Spellcasting   | 3 |  3.2

Action                   |  1- 3 |  4- 6 || total
-------------------------+-------+-------++-------
Melee: Demon trident     |     3 |     6 ||     9
       Headbutt          |       |     1 ||     1
Evoke: Wand              |     3 |     1 ||     4
       Lightning rod     |     1 |     1 ||     2
  Use: Potion            |     2 |       ||     2
       Scroll            |     2 |       ||     2
Armor: Shadow dragon sca |     5 |     5 ||    10
Dodge: Dodged            |     1 |     2 ||     3
Block: Buckler           |     1 |     3 ||     4
